AoeStats
← AtilaTheHun

Arabia

510307338Analyzed
1v1 RM · 23h ago on Sep 30, 2026· 30m 44s· 2 players
Game mode
Random Map
Map size
Tiny (2 player)
Population
200
Speed
Normal
Resources
Standard
Victory
Conquest
Starting age
Dark Age
Ending age
Imperial Age
RankedLock teamsTeams togetherTeam positionsShared explorationLock speedFull tech treeHidden civsTurbo modeCheats
Victory
Defeat
🇺🇸 Malians · United States
697
+14
🇵🇪 Byzantines · Peru
648
-14
AtilaTheHun
7:35 Loom
11:20 Feudal Age
11:54 Double-Bit Axe
17:20 Fletching
19:53 Forging
22:00 Wheelbarrow
24:56 Padded Archer Armor
26:36 Scale Mail Armor
Baronofsky
8:24 Loom
10:54 Feudal Age
16:31 Castle Age
15:19 Scale Mail Armor
15:18 Man-at-Arms
16:36 Arson
16:44 Long Swordsman
18:58 Chain Mail Armor
Connection lost

Rejoining the realm…

Still unreachable

The connection could not be restored.

Session expired

The server has moved on; the page needs a fresh start.